 Dungeon Crawl Stone Soup version 0.28.0-45-g0d030f2227 (webtiles) character file.

Game seed: 11749112718354152473

12181 101zpm the Basher (level 11, -1/68 HPs)
             Began as a Gargoyle Fighter on Apr 8, 2022.
             Was a Believer of the Shining One.
             Slain by an orc knight
             ... wielding a +0 battleaxe
              (8 damage)
             ... on level 1 of the Orcish Mines.
             The game lasted 00:56:02 (18200 turns).

101zpm the Basher (Gargoyle Fighter)               Turns: 18200, Time: 00:56:03

Health: -1/68      AC: 24    Str: 24    XL:     11   Next: 89%
Magic:  0/20       EV:  9    Int:  9    God:    the Shining One [**....]
Gold:   919        SH:  6    Dex: 14    Spells: 10/10 levels left

rFire   + . .      SeeInvis .   Q - +10 spear "Tiezxich" {flame, rC+ Dex+5}
rCold   + . .      Faith    .   c - +0 buckler
rNeg    + + .      Spirit   +   F - +1 chain mail {rF+}
rPois   ∞          Reflect  .   (no helmet)
rElec   +          Harm     .   j - +0 cloak
rCorr   .          Rampage  .   p - +1 pair of gloves
Will    .....                   (no boots)
Stlth   ..........              s - amulet of guardian spirit
HPRegen 0.21/turn               g - ring of magical power
MPRegen 0.17/turn               (no ring)

@: glowing
A: sickness immunity, AC +8, negative energy resistance 1, electricity
resistance, torment resistance 1, petrification resistance
a: Renounce Religion, Divine Shield


You were on level 1 of the Orcish Mines.
You worshipped the Shining One.
The Shining One was pleased with you.
You visited 4 branches of the dungeon, and saw 13 of its levels.
You also visited: Bailey.

You collected 919 gold pieces.

Inventory:

Hand Weapons
 q - a +1 whip of freezing
 E - a +1 flail of protection
 Q - the +10 spear "Tiezxich" (weapon) {flame, rC+ Dex+5}
   (You found it on level 9 of the Dungeon)

   It burns those it strikes, dealing additional fire damage.
   Dex:       It affects your dexterity (+5).
   rC:        It protects you from cold.
 R - a +2 eveningstar of protection
Missiles
 k - 92 sling bullets
 l - 274 stones
 o - 7 poisoned darts (quivered)
 r - 50 bolts
 x - 2 curare-tipped darts
 D - 3 atropa-tipped darts
 J - 111 arrows
Armour
 c - a +0 buckler (worn)
 j - a +0 cloak (worn)
 p - a +1 pair of gloves (worn)
 y - a +0 plate armour
 F - a +1 chain mail of fire resistance (worn)
Jewellery
 g - a ring of magical power (left hand)
 s - an amulet of guardian spirit (around neck)
 G - a ring of see invisible
 M - a ring of ice
Wands
 a - a wand of acid (4)
 O - a wand of charming (5)
 P - a wand of mindburst (9)
Scrolls
 h - 6 scrolls of enchant armour
 m - a scroll of torment {unknown}
 t - a scroll of noise {unknown}
 u - 2 scrolls of fog
 v - a scroll of blinking {unknown}
 w - 2 scrolls of magic mapping {unknown}
 z - a scroll of immolation {unknown}
 C - 2 scrolls of fear {unknown}
 I - a scroll of summoning {unknown}
 K - a scroll of acquirement {unknown}
 L - a scroll of identify
 N - 2 scrolls of teleportation
Potions
 b - 5 potions of mutation
 d - 2 potions of might
 e - a potion of resistance {unknown}
 f - a potion of ambrosia {unknown}
 i - 2 potions of lignification
 n - 7 potions of curing
 A - a potion of berserk rage {unknown}
 B - 2 potions of flight
 H - 2 potions of attraction


   Skills:
 + Level 8.3 Fighting
 + Level 11.3 Maces & Flails
 + Level 3.2 Polearms
 + Level 4.1 Throwing
 + Level 10.6 Armour
 + Level 2.5 Dodging
 + Level 2.4 Stealth
 + Level 7.5 Shields
 + Level 1.0 Invocations
 + Level 1.0 Evocations


You had 10 spell levels left.
You didn't know any spells.
Your spell library contained the following spells:

 Spells                   Type           Power      Damage    Failure   Level
 Apportation              Tloc           0%         N/A       95%         1
 Scorch                   Fire           0%         2d5       99%         2
 Static Discharge         Conj/Air       0%         N/A       99%         2
 Conjure Flame            Conj/Fire      0%         6-21      100%        3
 Gell's Gravitas          Tloc           0%         N/A       100%        3
 Ignite Poison            Fire/Tmut/Pois 0%         N/A       100%        3
 Teleport Other           Tloc           0%         N/A       100%        3
 Tukima's Dance           Hex            0%         N/A       100%        3
 Anguish                  Hex/Necr       0%         N/A       100%        4
 Dispel Undead            Necr           0%         3d6       100%        4
 Flame Wave               Conj/Fire      0%         2d4       100%        4
 Passage of Golubria      Tloc           0%         N/A       100%        4
 Sticky Flame             Conj/Fire      0%         2d3       100%        4
 Alistair's Intoxication  Tmut/Pois      0%         N/A       100%        5
 Yara's Violent Unravell  Hex/Tmut       0%         3d3       100%        5
 Dispersal                Tloc           0%         N/A       100%        6
 Summon Cactus Giant      Summ           0%         N/A       100%        6
 Enfeeble                 Hex            0%         N/A       100%        7


Dungeon Overview and Level Annotations

Branches:
Dungeon (9/15)             Temple (1/1) D:4            Lair (1/6) D:8
    Orc (2/2) D:9          Bailey (visited)
    Elf: Orc:2

Altars:
Ashenzari
Cheibriados
Dithmenos
Fedhas
Gozag
Hepliaklqana
Kikubaaqudgha
Makhleb
Nemelex Xobeh
Okawaru
Qazlal
Ru
Trog
Uskayaw
Vehumet
Wu Jian
Xom
Yredelemnul
Zin
The Shining One

Shops:
D:8 *   D:9 (*

Annotations:
D:8 2 transporters, 1 runed translucent door, doomsgape's ghost, novice OpFE
Orc:1 1 runed translucent door, hitsuchi's ghost, journeyman DsAK


Innate Abilities, Weirdness & Mutations

You are immune to sickness and miasma.
Your stone body is resilient. (AC +8)
You are immune to poison.
You resist negative energy. (rN+)
You are resistant to electric shocks. (rElec)
You are resistant to unholy torment.
You are immune to petrification.


Message History

The orc warrior hits you with a +0 battleaxe.
The orc knight barely misses you.
You puncture the orc knight! You burn the orc knight.
The orc knight is heavily wounded.
The orc warrior hits you but does no damage.
The orc knight roars a battlecry!
The orc warrior goes into a battle-frenzy!
You hit the orc knight. You burn the orc knight.
The orc knight is severely wounded.
The orc warrior hits you with a +0 battleaxe!!
* * * LOW HITPOINT WARNING * * *
The orc knight hits you with a +0 battleaxe!
* * * LOW HITPOINT WARNING * * *
You are too injured to fight recklessly!
You are too injured to fight recklessly!
You are too injured to fight recklessly!
You are too injured to fight recklessly!
You are too injured to fight recklessly!
You are too injured to fight recklessly!
You are too injured to fight recklessly!
You are too injured to fight recklessly!
You are too injured to fight recklessly!
You are too injured to fight recklessly!
You are too injured to fight recklessly!
You are too injured to fight recklessly!
You are too injured to fight recklessly!
You are too injured to fight recklessly!
You are too injured to fight recklessly!
You are too injured to fight recklessly!
You are too injured to fight recklessly!
The orc warrior hits you with a +0 battleaxe!
* * * LOW HITPOINT WARNING * * *
Things that are here:
a +0 mace; a +0 war axe You feel better.
You block the orc warrior's attack.
The orc knight hits you with a +0 battleaxe!
* * * LOW HITPOINT WARNING * * *
You feel better. The orc warrior barely misses you.
The orc knight hits you with a +0 battleaxe!
You die...

###....####......##
#.....# #.......#
#.....####......##
##....##.......##
#.........#..##
#........##.##
###.......###
#.......# ##.[o@###
##[o## ##)# ###


You could see an orc knight and an orc warrior (strong).

Vanquished Creatures
  A two-headed ogre (D:8)
  Pikel (D:4)
  An orc sorcerer (D:9)
  An unseen horror (D:9)
  A cane toad (Lair:1)
  A troll (Orc:1)
  A polar bear (Lair:1)
  6 slime creatures
  4 blink frogs
  2 wyverns
  12 yaks
  A warg (Orc:1)
  Edmund (D:3)
  3 water moccasins
  16 orc warriors
  A sky beast (D:6)
  2 black bears
  13 centaurs
  3 wolves (Lair:1)
  2 ogres
  A phantom (D:5)
  A lemure (D:4)
  A kobold brigand (D:9)
  A bullfrog (D:9)
  A scorpion (Temple)
  A water moccasin zombie (D:4)
  A gnoll sergeant (D:7)
  A wyvern skeleton (D:6)
  7 killer bees
  5 wights
  3 howler monkeys (D:7)
  A centaur zombie (D:8)
  4 hounds
  A gnoll shaman (D:6)
  5 orc priests
  A centaur skeleton (D:5)
  3 iguanas
  13 orc wizards
  A hound skeleton (D:5)
  9 gnolls (D:6)
  10 adders
  A howler monkey skeleton (D:6)
  A shadow imp (D:6)
  A white imp (D:5)
  An ufetubus (D:5)
  A worm (D:4)
  A dart slug (D:3)
  66 orcs
  2 endoplasms
  4 giant cockroaches
  5 hobgoblins
  2 jackals (D:4)
  6 quokkas
  6 ball pythons
  4 bats
  4 frilled lizards
  7 kobolds
  23 rats
279 creatures vanquished.

Vanquished Creatures (others)
  13 fungi
  17 plants
30 creatures vanquished.

Grand Total: 309 creatures vanquished

Notes
Turn   | Place    | Note
-------+----------+-------------------------------------------
     0 | D:1      | 101zpm the Gargoyle Fighter began the quest for the Orb.
     0 | D:1      | Reached XP level 1. HP: 14/14 MP: 1/1
   141 | D:1      | Reached XP level 2. HP: 17/19 MP: 2/2
   961 | D:2      | Reached XP level 3. HP: 24/24 MP: 3/3
  1148 | D:2      | Noticed a floating eye
  1150 | D:2      | Found a faded altar of an unknown god.
  1152 | D:2      | Noticed a floating eye
  1152 | D:2      | Noticed a floating eye
  1152 | D:2      | Noticed a floating eye
  1365 | D:2      | Reached XP level 4. HP: 29/29 MP: 4/4
  1423 | D:2      | Reached skill level 3 in Maces & Flails
  2767 | D:3      | Reached skill level 1 in Dodging
  2767 | D:3      | Reached XP level 5. HP: 27/33 MP: 5/5
  3173 | D:4      | Found a staircase to the Ecumenical Temple.
  3196 | Temple   | Entered the Ecumenical Temple
  3654 | Temple   | Reached skill level 4 in Maces & Flails
  3654 | Temple   | Reached XP level 6. HP: 24/38 MP: 6/6
  3773 | D:4      | Reached skill level 1 in Throwing
  4440 | D:4      | Noticed an orc warrior
  5155 | D:4      | Killed an orc warrior
  5156 | D:4      | Reached XP level 7. HP: 40/44 MP: 7/7
  5539 | D:5      | Entered Level 5 of the Dungeon
  5679 | D:5      | Noticed Pikel
  5858 | D:4      | Killed Pikel
  5859 | D:4      | Reached skill level 5 in Fighting
  5859 | D:4      | Reached skill level 6 in Maces & Flails
  5859 | D:4      | Reached skill level 5 in Armour
  5859 | D:4      | Reached XP level 8. HP: 13/49 MP: 8/8
  6313 | D:5      | Noticed Edmund
  7042 | D:5      | Found a hazy altar of Hepliaklqana.
  7447 | D:6      | Identified the +0 trident of Magnificence {pain, SInv}
  7697 | D:6      | Reached skill level 5 in Shields
  8018 | D:6      | Found a sacrificial altar of Ru.
  8104 | D:6      | Found a stormy altar of Qazlal.
  8369 | D:3      | Killed Edmund
  8370 | D:3      | Reached skill level 7 in Maces & Flails
  8370 | D:3      | Reached XP level 9. HP: 54/55 MP: 9/9
  9218 | D:7      | Reached skill level 1 in Stealth
  9572 | Temple   | Became a worshipper of the Shining One
  9660 | D:7      | Reached skill level 8 in Maces & Flails
  9811 | D:8      | Noticed a death knight
  9843 | D:8      | Found a transporter.
  9854 | D:8      | Found a transporter.
  9861 | D:8      | Noticed a skeletal warrior
  9883 | D:8      | Found an ancient bone altar of Kikubaaqudgha.
  9910 | D:8      | Found an opulent altar of Gozag.
  9911 | D:8      | Found Gozag's Platinum Reserve.
  9957 | D:8      | Noticed a two-headed ogre
  9958 | D:8      | Found a snail-covered altar of Cheibriados.
  9970 | D:8      | Killed a two-headed ogre
  9971 | D:8      | Reached XP level 10. HP: 43/63 MP: 10/10
  9974 | D:8      | Reached * piety under the Shining One
  9975 | D:8      | Noticed a death knight
  9994 | D:8      | Reached skill level 9 in Maces & Flails
 11161 | D:6      | Reached skill level 10 in Maces & Flails
 11294 | D:7      | Found a hide-covered altar of Uskayaw.
 11444 | D:8      | Found a basalt altar of Yredelemnul.
 11734 | D:8      | Found a staircase to the Lair.
 11775 | D:8      | Found a runed translucent door.
 11793 | D:8      | Noticed doomsgape's ghost (novice OpFE)
 12029 | Lair:1   | Entered Level 1 of the Lair of Beasts
 13493 | D:8      | Reached XP level 11. HP: 67/68 MP: 11/11
 13913 | Lair:1   | Reached skill level 11 in Maces & Flails
 14150 | Lair:1   | Noticed an eight-headed hydra
 14570 | D:9      | Found Zin's Purification Station.
 14573 | D:9      | Found a glowing silver altar of Zin.
 14737 | D:9      | Found an ornate altar of the Wu Jian Council.
 14743 | D:9      | Reached skill level 10 in Armour
 14844 | D:9      | Found a flagged portal.
 14875 | D:9      | Identified the +10 spear "Tiezxich" {flame, rC+ Dex+5}
 14880 | Bailey   | Entered a bailey
 15471 | Bailey   | Reached skill level 1 in Invocations
 15626 | Bailey   | Reached skill level 1 in Evocations
 15666 | Bailey   | Reached skill level 1 in Polearms
 15864 | Bailey   | Found the +0 pair of fencer's gloves {Riposte Dex+3}
 16820 | D:9      | Found a blossoming altar of Fedhas.
 16969 | D:9      | Found a staircase to the Orcish Mines.
 16989 | D:9      | Found Uxorgh's Weapon Shop.
 17094 | Orc:1    | Entered Level 1 of the Orcish Mines
 17098 | Orc:1    | Noticed an orc sorcerer
 17158 | D:9      | Paralysed by an orc sorcerer for 4 turns
 17162 | D:9      | Killed an orc sorcerer
 17590 | Orc:1    | Found a runed translucent door.
 17590 | Orc:1    | Noticed hitsuchi's ghost (journeyman DsAK)
 17590 | Orc:1    | Reached ** piety under the Shining One
 18009 | Orc:2    | Entered Level 2 of the Orcish Mines
 18120 | Orc:2    | Noticed an orc sorcerer
 18132 | Orc:2    | Noticed an orc knight
 18198 | Orc:1    | HP: 3/68 [orc warrior/+0 battleaxe[an orc knight] (9)]
 18199 | Orc:1    | HP: 1/68 [orc knight/+0 battleaxe (10)]
 18200 | Orc:1    | Slain by an orc knight

Illustrated notes

Levels and vault maps discovered:
D:1:      dpeg_arrival_houses_and_road, layout_rooms, chequers_decorated_corner
D:2:      layout_rooms, hellmonk_ecumenical_altar_watching_god,
          corexii_hall_statues_i, minmay_rat_hole
D:3:      layout_loops_cross
D:4:      layout_rooms, minmay_temple_entry_gardened_gates, serial_aquarium,
          aquarium_bridge_straight [aquarium_subvault_bridge,
          aquarium_subvault_wall, aquarium_subvault_bridge,
          aquarium_subvault_wall], aquarium_window_2, aquarium_window_1,
          aquarium_window_corridor_3, aquarium_view_2b, aquarium_view_2e
D:5:      layout_basic, nicolae_hepliaklqana_hazy_memory, uniq_pikel,
          uniq_edmund
D:6:      layout_basic, mainiacjoe_overflow_concentric_impassable,
          nicolae_qazlal_general_emergency
D:7:      layout_basic, mainiacjoe_overflow_brackets
D:8:      layout_rooms, nicolae_gozag_zags_fifth_avenue,
          mainiacjoe_overflow_boulevard, gammafunk_temple_of_torment,
          hellmonk_ghost_happy_afterlife
D:9:      layout_rooms, lemuel_round_altar, lemuel_round_altar, zin_purify,
          orc_david_3, serial_corexii_hall, corexii_hall_statues_s,
          chequers_hall_statues_wall_a, corexii_hall_statues_i,
          chequers_hall_statues_wall_a, enter_bailey_2
Temple:   dpeg_three_leaves_temple
Lair:1:   layout_loops_ring, beast_lair_carwin_2
Orc:1:    layout_diamond_mine, gammafunk_ghost_grave
Orc:2:    st_orc_rangers, layout_caves, uniq_maurice

Skill      XL: |  1  2  3  4  5  6  7  8  9 10 11 |
---------------+----------------------------------+-----
Maces & Flails | 3 4 6 7 8 10 11 | 11.3
Armour         | 4 5 6 7 9 10 | 10.6
Dodging        | 1 2 |  2.5
Fighting       | 4 5 6 7 8 |  8.3
Throwing       | 1 2 3 4 |  4.1
Shields        | 4 5 6 7 |  7.5
Stealth        | 1 2 |  2.4
Invocations    | 1 |  1.0
Evocations     | 1 |  1.0
Polearms       | 3 |  3.2

Action                   |  1- 3 |  4- 6 |  7- 9 | 10-12 || total
-------------------------+-------+-------+-------+-------++-------
Melee: Flail             |   137 |   201 |   185 |   418 ||   941
       Whip              |       |       |   223 |       ||   223
       Spear             |       |       |       |   183 ||   183
Throw: Stone             |       |    10 |     8 |   149 ||   167
       Dart              |       |    14 |    27 |    31 ||    72
Invok: Divine Shield     |       |       |       |     3 ||     3
Evoke: Wand              |       |       |       |     6 ||     6
  Use: Scroll            |       |       |     5 |     5 ||    10
       Potion            |       |       |       |     2 ||     2
Armor: Scale mail        |   119 |    25 |       |       ||   144
       Chain mail        |       |   132 |    93 |   447 ||   672
       Plate armour      |       |       |   155 |       ||   155
Dodge: Dodged            |    86 |    65 |   124 |   258 ||   533
Block: Buckler           |    45 |    46 |    99 |   146 ||   336
